 Dungeon Crawl Stone Soup version 0.18.1-5-g4a78601 (webtiles) character file.

96 oplop the Chiller (level 4, -4/28 HPs)
             Began as an Octopode Ice Elementalist on May 13, 2016.
             Was a Follower of Cheibriados.
             Hit by a stone thrown by an orc warrior (16 damage)
             ... on level 3 of the Dungeon.
             The game lasted 00:04:54 (2463 turns).

oplop the Chiller (Octopode Ice Elementalist)       Turns: 2463, Time: 00:04:55

Health: -4/28      AC: 10    Str: 13    XL:     4   Next: 67%
Magic:  3/8        EV: 12    Int: 22    God:    Cheibriados [*.....]
Gold:   125        SH:  0    Dex: 14    Spells: 3 memorised, 2 levels left

rFire  + . .     SeeInvis .     h - +2 short sword (drain)
rCold  . . .     Gourm    .     (no shield)
rNeg   . . .     Faith    .     d - +2 hat
rPois  .         Spirit   .     (no amulet)
rElec  .         Dismiss  .     m - ring of protection from fire
rCorr  .         Reflect  .     e - +2 ring of intelligence
SustAt +         Harm     .     q - ring of sustain attributes
MR     .....                    (no ring)
Stlth  +++.......               (no ring)
                                (no ring)
                                (no ring)
                                (no ring)

@: icy armour, very slow, not resistant to hostile enchantments, fairly stealthy
A: almost no armour, amphibious, 8 rings, constrict 8, rugged brown scales 1,
camouflage 1, strong 2, gelatinous body 1
a: Bend Time, Renounce Religion


You were on level 3 of the Dungeon.
You worshipped Cheibriados.
Cheibriados was aware of your devotion.
You were not hungry.

You visited 1 branch of the dungeon, and saw 3 of its levels.

You collected 125 gold pieces.

Inventory:

Hand Weapons
 h - a +2 short sword of draining (weapon)
Armour
 d - a +2 hat (worn)
Jewellery
 e - a +2 ring of intelligence (right tentacle)
 m - a ring of protection from fire (left tentacle)
 q - a ring of sustain attributes (on tentacle)
Scrolls
 i - a scroll of remove curse
 j - a scroll of magic mapping {unknown}
 k - a scroll of enchant armour {unknown}
 o - a scroll of teleportation {unknown}
 s - a scroll of fog {unknown}
Potions
 c - a potion of curing
 g - a potion of haste {unknown}
 l - a potion of resistance {unknown}
 n - 2 potions of brilliance {unknown}
 p - a potion of ambrosia {unknown}
 t - a potion of lignification {unknown}
Books
 a - a book of Frost

   Spells                             Type                      Level
   a - Freeze                         Ice                          1
   b - Throw Frost                    Conjuration/Ice              2
   c - Ozocubu's Armour               Charms/Ice                   3
   d - Throw Icicle                   Conjuration/Ice              4
   e - Summon Ice Beast               Ice/Summoning                4
Comestibles
 b - 4 bread rations
 r - 2 meat rations


   Skills:
 + Level 1.4 Fighting
 - Level 2.0 Dodging
 - Level 2.6 Stealth
 * Level 2.7 Spellcasting
 - Level 1.0 Conjurations
 * Level 1.1 Charms
 * Level 4.1 Ice Magic
 * Level 0.0 Invocations


You had 2 spell levels left.
You knew the following spells:

 Your Spells              Type           Power        Failure   Level  Hunger
a - Freeze                Ice            ###.         2%          1    None
b - Throw Frost           Conj/Ice       ##....       10%         2    ##.....
c - Ozocubu's Armour      Chrm/Ice       ##......     14%         3    ###....


Dungeon Overview and Level Annotations

Branches:
Dungeon (3/15)

Altars:
Cheibriados

Annotations:
D:2 exclusion: door


Innate Abilities, Weirdness & Mutations

You cannot wear most types of armour.
You are amphibious.
You can wear up to eight rings at the same time.
You can use your tentacles to constrict eight enemies at once.
Your skin changes colour to match your surroundings (Stealth).
Your rubbery body absorbs attacks (AC +1).
You are partially covered in rugged brown scales (AC +1, +3% HP).
Your muscles are very strong. (Str +4)


Message History

You feel stronger. x2
Casting: Throw Frost
Confirm with . or Enter, or press ? or * to list all spells.
Aiming: Throw Frost
Press: ? - help, Shift-Dir - straight line, f - giant cockroach
Aim: a giant cockroach (clinging, hasn't noticed you)
Okay, then.
Casting: Throw Frost
Confirm with . or Enter, or press ? or * to list all spells.
A film of ice covers your body!
The orc warrior throws a stone.
The stone hits you.
Casting: Ozocubu's Armour
Confirm with . or Enter, or press ? or * to list all spells.
Aiming: Throw Frost
Press: ? - help, Shift-Dir - straight line, f - orc warrior
Aim: an orc warrior, wielding a mace and wearing a chain mail The puff of frost misses the orc warrior.
The orc warrior throws a stone.
The stone hits you!
Ouch! That really hurt!
You die...

### ..# ##############
#.#########....(@.......
....................####
#.#.#####...####.##s#
....# #.### #.# .. #.#.#
#.# #.# ## #...# #.# #o#
###.# #.# #.# .... ..#
#.# ###.. ###


You could see an orc warrior and a giant cockroach.

Vanquished Creatures
  4 adders
  An ooze (D:1)
  2 dart slugs
  2 giant geckos (D:2)
  A ball python (D:3)
  6 bats
  3 giant cockroaches
  3 hobgoblins
  6 jackals
  A quokka (D:2)
  2 giant newts (D:2)
  6 goblins
  5 kobolds
  7 rats (D:2)
49 creatures vanquished.

Notes
Turn   | Place    | Note
--------------------------------------------------------------
     0 | D:1      | oplop the Octopode Ice Elementalist began the quest for the Orb.
     0 | D:1      | Reached XP level 1. HP: 11/11 MP: 3/3
    32 | D:1      | namelastname112: лол
    37 | D:1      | namelastname112: хорошая комната
    77 | D:1      | namelastname112: https://en.wikipedia.org/wiki/Piss_Christ
    77 | D:1      | oplop: у меня на днях заебатого осминога автоэксплор убил
    77 | D:1      | oplop: на д6 помоему весь этаж открыт кроме одной двойной двери
    77 | D:1      | oplop: прибегаю туда, там компната 3х4 забитай пчелами до отказа
    77 | D:1      | oplop: я отойду на 5 минут есиче
   251 | D:1      | namelastname112: шляпа на д1
   263 | D:1      | namelastname112: считай победил
   326 | D:1      | Reached XP level 2. HP: 17/18 MP: 5/5
   327 | D:1      | oplop: ха
   895 | D:1      | Reached XP level 3. HP: 22/22 MP: 2/6
  1086 | D:2      | Reached skill level 1 in Fighting
  1090 | D:2      | Learned a level 2 spell: Throw Frost
  1094 | D:2      | Learned a level 3 spell: Ozocubu's Armour
  1441 | D:2      | Reached skill level 4 in Ice Magic
  1441 | D:2      | Reached XP level 4. HP: 14/28 MP: 2/8
  1746 | D:2      | Found a snail-covered altar of Cheibriados.
  1758 | D:2      | oplop: гм
  1758 | D:2      | oplop: фулл ин
  1762 | D:2      | Became a worshipper of Cheibriados the Contemplative
  2320 | D:3      | Reached skill level 1 in Charms
  2417 | D:3      | Reached * piety under Cheibriados
  2421 | D:3      | Noticed a phantom
  2457 | D:3      | Noticed an orc warrior
  2461 | D:3      | Gained mutation: You are partially covered in rugged brown scales (AC +1, +3% HP). [potion of mutation]
  2461 | D:3      | Gained mutation: Your muscles are strong. (Str +2) [potion of mutation]
  2461 | D:3      | Gained mutation: Your muscles are very strong. (Str +4) [potion of mutation]
  2463 | D:3      | Hit by a stone thrown by an orc warrior

Skill      XL: |  1  2  3  4 |
---------------+-------------+-----
Fighting       | 1 |  1.4
Ice Magic      | 4 |  4.1
Charms         | 1 |  1.1
Dodging        | |  2.0
Stealth        | |  2.6
Spellcasting   | |  2.7
Conjurations   | |  1.0

Action                   |  1- 3 |  4- 6 || total
-------------------------+-------+-------++-------
Melee: Unarmed           |    10 |       ||    10
       Tentacles         |     7 |     3 ||    10
       Short sword       |    41 |    31 ||    72
       Constrict         |    11 |     9 ||    20
 Cast: Freeze            |    12 |     2 ||    14
       Ozocubu's Armour  |     2 |     2 ||     4
       Throw Frost       |       |     7 ||     7
  Use: Potion            |       |     2 ||     2
       Scroll            |       |     1 ||     1
 Stab: Sleeping          |     2 |       ||     2
  Eat: Meat ration       |     1 |       ||     1
       Chunk             |     1 |       ||     1
Armor: Skin              |    23 |    15 ||    38
Dodge: Dodged            |    27 |    14 ||    41
